 Dungeon Crawl Stone Soup version 0.24.0-13-gcf9b3192b9 (webtiles) character file.

Game seed: 13990126676813091751, levelgen mode: deterministic

71 mistymad the Charmwright (level 4, -3/37 HPs)
             Began as a Merfolk Skald on Nov 7, 2019.
             Slain by Crazy Yiuf
             ... wielding a +3 quarterstaff of chaos
              (6 damage)
             ... on level 2 of the Dungeon.
             The game lasted 00:21:41 (3449 turns).

mistymad the Charmwright (Merfolk Skald)            Turns: 3449, Time: 00:21:42

Health: -3/37      AC:  4    Str: 12    XL:     4   Next: 24%
Magic:  0/7        EV: 12    Int: 12    God:
Gold:   160        SH:  0    Dex: 13    Spells: 1/7 levels left

rFire    . . .     SeeInvis .   a - +0 spear
rCold    . . .     Gourm    .   (no shield)
rNeg     . . .     Faith    .   b - +0 leather armour
rPois    .         Spirit   .   (no helmet)
rElec    .         Reflect  .   q - +0 cloak
rCorr    .         Harm     .   (no gloves)
MR       .....                  (no boots)
Stlth    +.........             (no amulet)
HPRegen  0.12/turn              (no ring)
MPRegen  0.10/turn              (no ring)

@: infused, drained
A: change form in water, swift swim, stealthy swim
a: no special abilities


You were on level 2 of the Dungeon.
You were hungry.

You visited 1 branch of the dungeon, and saw 3 of its levels.

You collected 160 gold pieces.

Inventory:

Hand Weapons
 a - a +0 spear (weapon)
 h - a +0 club
Missiles
 m - 26 arrows
 r - 8 curare-tipped darts (quivered)
 s - 7 poisoned darts
Armour
 b - a +0 leather armour (worn)
 f - a +2 robe of cold resistance
 k - a +0 ring mail
 q - a +0 cloak (worn)
Scrolls
 c - a scroll of magic mapping {unknown}
 e - 3 scrolls of identify {unknown}
 j - a scroll of enchant armour {unknown}
 l - 3 scrolls of noise {unknown}
 p - a scroll of remove curse {unknown}
Potions
 g - a potion of haste {unknown}
 i - 2 potions of cancellation {unknown}
 n - 2 potions of agility {unknown}
 o - a potion of brilliance {unknown}
 u - a potion of might {unknown}
Comestibles
 d - 2 rations
 t - 3 chunks of flesh


   Skills:
 + Level 3.6(3.1) Fighting
 - Level 3.4(2.8) Polearms
 - Level 0.8(0.3) Armour
 - Level 2.9(2.4) Dodging
 - Level 2.1(1.6) Spellcasting
 + Level 4.0(3.4) Charms


You had one spell level left.
You knew the following spells:

 Your Spells              Type           Power        Failure   Level  Hunger
a - Infusion              Chrm           #...         9%          1    ##.....
b - Shroud of Golubria    Chrm/Tloc      #.....       26%         2    ###....
c - Regeneration          Chrm/Necr      #.........   47%         3    ####...

Your spell library contained the following spells:

 Spells                   Type           Power        Failure   Level  Hunger
 Song of Slaying          Chrm           #.......     13%         2    ###....
 Spectral Weapon          Hex/Chrm       #.......     47%         3    ####...


Dungeon Overview and Level Annotations

Branches:
Dungeon (3/15)

Altars:
Hepliaklqana
Makhleb
Qazlal

Annotations:
D:2 exclusion: door, Crazy Yiuf
D:3 Grinder, Jessica


Message History

You barely miss Crazy Yiuf.
Crazy Yiuf is heavily wounded.
Your shroud begins to fray at the edges.
Crazy Yiuf closely misses you.
You hit Crazy Yiuf.
Crazy Yiuf is severely wounded.
Crazy Yiuf hits you with a +3 quarterstaff of chaos.
Your shroud falls apart!
You feel drained.
You barely miss Crazy Yiuf.
Crazy Yiuf is severely wounded.
Crazy Yiuf hits you with a +3 quarterstaff of chaos!
* * * LOW HITPOINT WARNING * * *
Crazy Yiuf burns you!
* * * LOW HITPOINT WARNING * * *
You closely miss Crazy Yiuf.
Crazy Yiuf is severely wounded.
Crazy Yiuf says, "Crazy?
Crazy!?
PORCUPINE!"
Crazy Yiuf hits you with a +3 quarterstaff of chaos.
You die...

####..#######
#.# #......#
#.# #
###.##...#
### #
#........#
##### #
#.#.##...#
#..)#
########
###.#.##.#.#
#...#
#####...#...
......##.#.#
...
#....###..##
###.#.....<#
#g# ###..#
#..# #
#.#.##.###
##@#
###..###..# #
#......# #.##
#.....[.#.# #
###.#### ##.#
#.#.##..#.##
##.## #.##
#.......#.#.
##.#.#####
##.##
#.#..##.#.#.
#.###.##.#
#.PP##
#.#..##.#.#.
##.#.....#
#..PP#
#.#.........
#...)....#
#....#
####)######.
#.#####.##
##..## #.# #.


You could see Crazy Yiuf.

Vanquished Creatures
  2 oozes
  A worm (D:2)
  3 dart slugs
  2 leopard geckos (D:1)
  An orc (D:2)
  3 giant cockroaches
  4 goblins
  6 hobgoblins
  6 jackals
  7 kobolds
  A quokka (D:2)
  A bat (D:1)
  5 frilled lizards
  6 rats
48 creatures vanquished.

Notes
Turn   | Place    | Note
-------+----------+-------------------------------------------
     0 | D:1      | mistymad the Merfolk Skald began the quest for the Orb.
     0 | D:1      | Reached XP level 1. HP: 16/16 MP: 3/3
   279 | D:1      | Reached XP level 2. HP: 21/22 MP: 5/5
  1085 | D:1      | Learned a level 2 spell: Shroud of Golubria
  1131 | D:1      | Reached XP level 3. HP: 16/28 MP: 6/6
  1560 | D:2      | Found a burning altar of Makhleb.
  1565 | D:2      | Found a stormy altar of Qazlal.
  1567 | D:2      | Found a hazy altar of Hepliaklqana.
  1895 | D:2      | Found a runed translucent door.
  1896 | D:2      | Noticed Crazy Yiuf
  2122 | D:2      | Learned a level 3 spell: Regeneration
  2505 | D:3      | Noticed Jessica
  2659 | D:2      | Reached XP level 4. HP: 30/35 MP: 7/7
  3075 | D:3      | Reached skill level 4 in Charms
  3316 | D:3      | Noticed Grinder
  3320 | D:3      | Paralysed by Grinder for 3 turns
  3449 | D:2      | Slain by Crazy Yiuf

Levels and vault maps discovered:
D:1:      ncdulo_smallfort, layout_loops_ring
D:2:      layout_loops_cross, minitemple, uniq_crazy_yiuf_cottage
D:3:      layout_loops_ring, first_ration, uniq_grinder, uniq_jessica

Skill      XL: |  1  2  3  4 |
---------------+-------------+-----
Fighting       | 3 |  3.6
Charms         | 4 |  4.0
Polearms       | |  3.4
Armour         | |  0.8
Dodging        | |  2.9
Spellcasting   | |  2.1

Action                   |  1- 3 |  4- 6 || total
-------------------------+-------+-------++-------
Melee: Spear             |   196 |    65 ||   261
 Cast: Infusion          |       |     3 ||     3
       Shroud of Golubri |       |     2 ||     2
 Stab: Sleeping          |     1 |       ||     1
  Eat: Chunk             |     5 |     3 ||     8
Armor: Leather armour    |    43 |    17 ||    60
Dodge: Dodged            |    78 |    30 ||   108
